 Dungeon Sprint DCSS version 0.30-a0-371-gad7725a93e (webtiles) character file.

Game seed: 8754037314560565530

1271 mhtbhm the Protected (level 8, -2/82 HPs)
             Began as an Armataur Fighter on Nov 20, 2022.
             Was an Initiate of Gozag.
             Collided with a closed door to the Orcish Mines (12 damage)
             ... caused by Erica
             ... in the Dungeon (Sprint III: "The Ten Rune Challenge").
             The game lasted 00:02:34 (1043 turns).

mhtbhm the Protected (Armataur Fighter)             Turns: 1043, Time: 00:02:35

Health: -2/82      AC: 10    Str: 24    XL:     8   Next: 28%
Magic:  8/8        EV:  8    Int:  8    God:    Gozag
Gold:   291        SH:  5    Dex: 10    Spells: 7/7 levels left

rFire   . . .      SeeInvis .    a - +0 flail
rCold   . . .      Faith    .    c - +0 buckler
rNeg    . . .      Spirit   .    b - +0 scale mail
rPois   .          Reflect  .    (no helmet)
rElec   .          Harm     .    (no cloak)
rCorr   .          Roll     +    f - +0 pair of gloves
Will    .....      NoTele   +    (no barding)
Stlth   ..........               (no amulet)
HPRegen 0.33/turn                (no ring)
MPRegen 0.11/turn                (no ring)

@: lethally poisoned (-2 -> -3), slowed, very slow
A: large, rugged brown scales 3, deformed body, armoured tail, roll, long
tongue, awkward tongue
a: Renounce Religion, Potion Petition, Call Merchant, Bribe Branch


You were in the Dungeon.
You worshipped Gozag.
Gozag was aware of your devotion.
You visited 1 branch You collected 291 gold pieces.

Inventory:

Hand Weapons
 a - a +0 flail (weapon)
Armour
 b - a +0 scale mail (worn)
 c - a +0 buckler (worn)
 f - a +0 pair of gloves (worn)
Scrolls
 k - a scroll of immolation {unknown}
 l - 2 scrolls of identify {unknown}
 n - 2 scrolls of torment
Potions
 e - a potion of curing
 h - 2 potions of magic
 i - 2 potions of mutation {unknown}
 m - 3 potions of flight
Miscellaneous
 d - a phantom mirror (inert)


   Skills:
 + Level 8.9 Fighting
 + Level 10.4 Maces & Flails
 + Level 11.3 Armour
 + Level 1.9 Dodging
 + Level 0.8 Stealth
 + Level 7.7 Shields
 + Level 0.7 Evocations


You had 7 spell levels left.
You didn't know any spells.
Your spell library contained the following spells:

 Spells                   Type           Power      Damage    Failure   Level
 Ozocubu's Armour         Ice            0%         N/A       97%         3
 Metabolic Englaciation   Hex/Ice        0%         N/A       100%        5
 Simulacrum               Ice/Necr       Unusable   N/A       N/A         6

Dungeon Overview and Level Annotations

Branches:
Dungeon (1/1)

Altars:
Cheibriados
Dithmenos
Elyvilon
Fedhas
Gozag
Hepliaklqana
Kikubaaqudgha
Makhleb
Nemelex Xobeh
Okawaru
Qazlal
Ru
Sif Muna
Trog
Uskayaw
Vehumet
Wu Jian
Xom
Yredelemnul
Zin
The Shining One
Jiyva
Lugonu

Annotations:
D Erica


Innate Abilities, Weirdness & Mutations

You are completely covered in rugged brown scales. (AC +3, +7% HP)
Armour fits poorly on your strangely shaped body.
You have a long armoured tail.
You roll when moving toward enemies. (Rampage)
Your long tongue fully drains potion bottles. (2x potion effects)
Your tongue gives you trouble enunciating. (1.5x scroll delay)


Message History

You closely miss Erica.
Erica is heavily wounded.
Erica gestures at you while chanting.
The bolt of poison hits you but does no damage.
You are poisoned.
Erica barely misses Erica.
You barely miss Erica.
Erica is heavily wounded.
You feel very sick.
Erica points at you and mumbles some strange words.
You feel yourself slow down.
Erica barely misses Erica.
You closely miss Erica.
Erica is heavily wounded.
You feel very sick.
Erica points at you and mumbles some strange words.
The lance of force hits you!
You are knocked back by the lance of force.
You slam into the closed door to the Orcish Mines!
Erica misses Erica.
Erica casts a spell.
Erica flickers and vanishes!
Deactivating autopickup; reactivate with Ctrl-A.
You miss something.
Your tail-slap misses something.
You feel sick.
Erica shimmers and vanishes!
Something hits you. Something burns you.
You sock something!
You feel sick.
Unknown command.
You sock something!
You feel sick. Something hits you! Something burns you.
You hear a splashing noise.
You closely miss something.
Your tail-slap misses something.
You feel sick. Something completely misses you.
You thump something!
You feel sick.
You hear some strange, mumbled words.
A lance of force appears from out of thin air!
The lance of force hits you!!
* * * LOW HITPOINT WARNING * * *
You are knocked back by the lance of force.
You slam into the closed door to the Orcish Mines!
You die...
Your body crumbles into a pile of gold. ♣.############ $$$$

♣♣.#___#___#__#$$$ $
$ ♣..#...#__.#)_#$$
$$ ♣..###'#'###'## $
...#..........#$$ $$
...'.⌠...)....#$$ $$
$$ ♣♣.#...######'# $
$ $
...#.⌠.#__#...#+#####
...#...#__#...#.@§§~+
...#'###__#...#§#{§§#
...#..)#__#...'.#§§.#
...#___#__)...#.#...#
▓▓▓▓▓▓▓▓▓▓▓▓▓▓▓▓▓▓▓▓▓


There were no monsters in sight!

Vanquished Creatures
  A deep elf pyromancer (D)
  A shadow (D)
  A spatial vortex (D)
  A necrophage (D)
  A water elemental (D)
  A scorpion (D)
  A jelly (D)
  A wizard (D)
  A necromancer (D)
  3 humans (D)
  A kobold demonologist (D)
  An endoplasm (D)
  3 rats (D)
17 creatures vanquished.

Notes
Turn   | Place    | Note
-------+----------+-------------------------------------------
     0 | D        | mhtbhm the Armataur Fighter began the quest for the Orb.
     0 | D        | Reached XP level 1. HP: 19/19 MP: 1/1
     4 | D        | Reached skill level 4 in Armour
    30 | D        | Noticed a scorpion
    39 | D        | Killed a scorpion
    40 | D        | Reached skill level 6 in Armour
    40 | D        | Reached skill level 5 in Shields
    40 | D        | Reached XP level 2. HP: 29/29 MP: 2/2
    40 | D        | Reached XP level 3. HP: 36/36 MP: 3/3
    47 | D        | Reached XP level 4. HP: 33/43 MP: 4/4
   192 | D        | Noticed a water elemental
   206 | D        | Killed a water elemental
   207 | D        | Reached skill level 5 in Fighting
   207 | D        | Reached skill level 7 in Armour
   207 | D        | Reached XP level 5. HP: 29/51 MP: 5/5
   214 | D        | Found a radiant altar of Vehumet.
   214 | D        | Found a shimmering blue altar of Sif Muna.
   214 | D        | Found an ancient bone altar of Kikubaaqudgha.
   232 | D        | Reached skill level 8 in Armour
   344 | D        | Noticed a shadow
   348 | D        | Reached skill level 5 in Maces & Flails
   364 | D        | Killed a shadow
   365 | D        | Reached skill level 9 in Armour
   365 | D        | Reached XP level 6. HP: 56/62 MP: 6/6
   369 | D        | Found a blossoming altar of Fedhas.
   369 | D        | Found a stormy altar of Qazlal.
   369 | D        | Found a snail-covered altar of Cheibriados.
   369 | D        | Found a burning altar of Makhleb.
   369 | D        | Found a shimmering altar of Xom.
   369 | D        | Noticed a spatial vortex
   370 | D        | Found a hazy altar of Hepliaklqana.
   370 | D        | Found an opulent altar of Gozag.
   370 | D        | Found a sparkling altar of Nemelex Xobeh.
   370 | D        | Found a corrupted altar of Lugonu.
   370 | D        | Found a viscous altar of Jiyva.
   375 | D        | Killed a spatial vortex
   381 | D        | Became a worshipper of Gozag Ym Sagoz the Greedy
   568 | D        | Found a shadowy altar of Dithmenos.
   575 | D        | Reached skill level 1 in Dodging
   575 | D        | Reached XP level 7. HP: 70/70 MP: 7/7
   575 | D        | Found a basalt altar of Yredelemnul.
   575 | D        | Found a sacrificial altar of Ru.
   579 | D        | Reached skill level 10 in Armour
   591 | D        | Found a glowing silver altar of Zin.
   591 | D        | Found a glowing golden altar of the Shining One.
   591 | D        | Found a white marble altar of Elyvilon.
   591 | D        | Noticed a deep elf pyromancer
   597 | D        | Noticed a fire elemental
   633 | D        | Killed a deep elf pyromancer
   826 | D        | Found a hide-covered altar of Uskayaw.
   826 | D        | Found an iron altar of Okawaru.
   826 | D        | Found a bloodstained altar of Trog.
   826 | D        | Found an ornate altar of the Wu Jian Council.
   826 | D        | Noticed a human
   829 | D        | Noticed a human
   839 | D        | Killed a human
   840 | D        | Reached skill level 10 in Maces & Flails
   840 | D        | Reached skill level 11 in Armour
   840 | D        | Reached XP level 8. HP: 66/80 MP: 8/8
  1031 | D        | Noticed Erica
  1043 | D        | Collided with a closed door to the Orcish Mines

Illustrated notes

Levels and vault maps discovered:
D:        dungeon_sprint_mu [sprint_mu_entry_forest, sprint_mu_temple_rooms,
          sprint_mu_d1_horrors, sprint_mu_d2_genie, sprint_mu_d3_branching,
          sprint_mu_orc_legion, sprint_mu_elf_gauntlet, sprint_mu_hive_nellie,
          sprint_mu_lair_fedhas, sprint_mu_vaults_butterflies,
          sprint_mu_slime_circle, sprint_mu_swamp_cave, sprint_mu_snake_twists,
          sprint_mu_blade_basic, sprint_mu_crypt_fortress,
          sprint_mu_tomb_spiral, sprint_mu_vestibule_basic,
          sprint_mu_gehenna_hellfire, sprint_mu_dis_giant,
          sprint_mu_tartarus_statrot, sprint_mu_cocytus_islands, sprint_mu_zot1]

Skill      XL: |  1  2  3  4  5  6  7 |
---------------+----------------------+-----
Fighting       | 4 5 6 7 8 |  8.9
Armour         | 6 7 9 11 | 11.3
Maces & Flails | 3 4 7 8 10 | 10.4
Shields        | 5 6 7 |  7.7
Dodging        | 1 |  1.9
Stealth        | |  0.8
Evocations     | |  0.7

Action                   |  1- 3 |  4- 6 |  7- 9 || total
-------------------------+-------+-------+-------++-------
Melee: Flail             |    15 |    51 |    43 ||   109
       Tailslap          |     2 |     2 |     3 ||     7
Evoke: Phantom mirror    |       |       |     3 ||     3
  Use: Potion            |     1 |     5 |     1 ||     7
       Scroll            |       |     1 |     1 ||     2
Armor: Scale mail        |       |    12 |    10 ||    22
Dodge: Dodged            |     2 |     8 |    15 ||    25
Block: Buckler           |     2 |     3 |     6 ||    11

Table legend: (Time is in decaauts)
 A = Elapsed time spent in this place.
 B = Non-inter-level travel time spent in this place.
 C = Inter-level travel time spent in this place.
 D = Time resting spent in this place.
 E = Time spent auto-exploring this place.
 F = Levels seen in this place.
 G = Mean time per level.
                   A        B        C        D        E       F      G
               +--------+--------+--------+--------+--------+-----+--------+
         Total |   1047 |   1047 |      0 |    679 |      1 |   1 | 1047.0 |
       Dungeon |   1047 |   1047 |      0 |    679 |      1 |   1 | 1047.0 |
               +--------+--------+--------+--------+--------+-----+--------+

Top non-repeatable levels by time:
       D: 1047 daAuts
